 Dungeon Crawl Stone Soup version 0.27-a0-1144-g0b7d3b79db (webtiles) character file.

Game seed: 9285897095703830733

6920 bilbop the Thaumaturge (level 11, -5/79 HPs)
             Began as a Djinni Air Elementalist on May 11, 2021.
             Was a Follower of Yredelemnul.
             Shot with an arrow by a centaur warrior (18 damage)
             ... on level 9 of the Dungeon.
             The game lasted 00:53:36 (12291 turns).

bilbop the Thaumaturge (Djinni Air Elementalist)   Turns: 12291, Time: 00:53:37

Health: -5/79      AC:  7    Str: 11    XL:     11   Next: 7%
Gold:   403        EV: 12    Int: 20    God:    Yredelemnul [*.....] SH:  0 Dex: 18

rFire    + + +     SeeInvis .   j - +2 short sword (venom)
rCold    x . .     Faith    .   (no shield)
rNeg     . . .     Spirit   .   z - +0 steam dragon scales
rPois    ∞         Reflect  .   y - +0 helmet
rElec    .         Harm     .   (no cloak)
rCorr    .         Rampage  .   I - +0 pair of gloves
Will     ++...                  (boots unavailable)
Stlth    ++++......             (no amulet)
HPRegen  0.23/turn              u - ring of willpower
MPRegen  0.00/turn              x - ring "Voerph" {rF+ Str+4 Dex+4 Slay+4}

@: flying
A: sickness immunity, fire resistance 2, cold vulnerability 1, float, innate
caster, hp casting, extra vitality 1
a: Renounce Religion, Animate Remains


You were on level 9 of the Dungeon.
You worshipped Yredelemnul.
Yredelemnul was aware of your devotion.
You visited 2 branches of the dungeon, and saw 10 of its levels.

You collected 403 gold pieces.

Inventory:

Hand Weapons
 f - a +0 short sword
 j - a +2 short sword of venom (weapon)
 k - a +0 dagger
 p - a +0 falchion
 A - a +3 falchion
 D - a +0 scimitar of freezing
 N - a +4 long sword of freezing
Armour
 a - a +0 robe
 m - a +0 leather armour
 y - a +0 helmet (worn)
 z - +0 steam dragon scales (worn)
 G - +0 swamp dragon scales
 I - a +0 pair of gloves (worn)
Jewellery
 u - a ring of willpower (left hand)
 x - the ring "Voerph" (right hand) {rF+ Str+4 Dex+4 Slay+4}
   (You found it on level 5 of the Dungeon)

   [ring of slaying]

   It affects your strength (+4).
   It affects your dexterity (+4).
   It affects your accuracy and damage with ranged weapons and melee attacks
   (+4).
   It protects you from fire.
Wands
 F - a wand of polymorph (6)
 H - a wand of charming (22)
Scrolls
 d - 4 scrolls of identify {unknown}
 h - a scroll of enchant armour {unknown}
 l - 3 scrolls of fear {unknown}
 n - 4 scrolls of noise {unknown}
 o - 3 scrolls of amnesia {unknown}
 q - a scroll of silence {unknown}
 t - 3 scrolls of teleportation {unknown}
 C - 2 scrolls of enchant weapon {unknown}
 E - a scroll of blinking {unknown}
 K - a scroll of fog {unknown}
 L - a scroll of magic mapping {unknown}
Potions
 b - 9 potions of curing {unknown}
 c - 4 potions of heal wounds {unknown}
 e - 2 potions of degeneration {unknown}
 g - 3 potions of might {unknown}
 i - a potion of lignification {unknown}
 r - 2 potions of magic {unknown}
 s - a potion of attraction {unknown}
 v - 2 potions of brilliance {unknown}
 w - a potion of cancellation {unknown}
 B - 3 potions of berserk rage {unknown}
 J - 2 potions of mutation {unknown}
 M - a potion of resistance {unknown}


   Skills:
 + Level 7.3 Fighting
 + Level 6.7 Long Blades
 - Level 2.1 Dodging
 + Level 7.0 Stealth
 * Level 9.3 Spellcasting


You couldn't memorise any spells.
You knew the following spells:

 Your Spells              Type           Power      Damage    Failure   Level
a - Shock                 Conj/Air       100%       1d9       1%          1
b - Static Discharge      Conj/Air       46%        N/A       1%          2
c - Swiftness             Air            46%        N/A       1%          3
d - Airstrike             Air            23%        N/A       1%          4
e - Lightning Bolt        Conj/Air       23%        1d38      4%          5
f - Sting                 Tmut/Pois      100%       1d8       1%          1
g - Corpse Rot            Necr/Air       N/A        N/A       1%          2
h - Poisonous Vapours     Pois/Air       92%        N/A       1%          2
i - Passage of Golubria   Tloc           N/A        N/A       1%          4
j - Sticky Flame          Conj/Fire      46%        2d6       1%          4
Your spell library was empty.

Dungeon Overview and Level Annotations

Branches:
Dungeon (9/15)             Temple (1/1) D:7            Lair (0/6) D:8
    Orc: D:9-12

Altars:
Ashenzari
Cheibriados
Dithmenos
Elyvilon
Fedhas
Gozag
Hepliaklqana
Kikubaaqudgha
Makhleb
Nemelex Xobeh
Okawaru
Qazlal
Ru
Sif Muna
Trog
Uskayaw
Vehumet
Wu Jian
Xom
Yredelemnul
Zin
The Shining One

Annotations:
D:7 4 runed translucent doors


Innate Abilities, Weirdness & Mutations

You are immune to sickness and miasma.
You are immune to poison.
Your flesh is very heat resistant. (rF++)
You are vulnerable to cold. (rC-)
You float through the air rather than walking.
You learn spells naturally, not from books.
Your magical power is your life essence.
You have superior vitality. (+4 HP)


Message History

Casting: Shock (safe; 1% risk of failure)
Confirm with . or Enter, or press ? or * to list all spells.
Aiming: Airstrike (dangerous; 1% risk of failure)
Press: ? - help, Dir - move target, f - death knight
Aim: a death knight, wielding a +0 battleaxe and wearing a +0 chain mail (ally target)
The air twists around and strikes the death knight!
The death knight is lightly wounded.
Your killer bee zombie barely misses the death knight.
Casting: Airstrike (dangerous; 1% risk of failure)
Confirm with . or Enter, or press ? or * to list all spells.
Aiming: Airstrike (dangerous; 1% risk of failure)
Press: ? - help, Dir - move target, f/p - death knight
Aim: a death knight, wielding a +0 battleaxe and wearing a +0 chain mail (lightly wounded, ally target)
The air twists around and strikes the death knight!
The death knight is moderately wounded.
Your killer bee zombie closely misses the death knight.
The death knight hits you with a +0 battleaxe!!
The death knight hits your killer bee zombie with a +0 battleaxe!
Your killer bee zombie is destroyed!
Casting: Airstrike (dangerous; 1% risk of failure)
Confirm with . or Enter, or press ? or * to list all spells.
Aiming: Airstrike (dangerous; 1% risk of failure)
Press: ? - help, Dir - move target, f/p - death knight
Aim: a death knight, wielding a +0 battleaxe and wearing a +0 chain mail (moderately wounded, ally target)
The air twists around and strikes the death knight.
The death knight is moderately wounded.
A centaur warrior comes into view.
The death knight hits you with a +0 battleaxe!!
The death knight barely misses Erolcha.
Erolcha misses the death knight.
The centaur warrior hits Erolcha.
Erolcha is destroyed!
The death knight mumbles some strange prayers to Yredelemnul against you.
You easily resist.
The centaur warrior wields a +0 shortbow.
The centaur warrior shoots an arrow.
The arrow hits you!
* * * LOW HITPOINT WARNING * * *
The centaur warrior shoots an arrow.
The arrow misses you.
The centaur warrior shoots an arrow.
The arrow hits you!!
You die...
Your body rises from the dead as a mindless zombie.

#########
#....@.p#######
#........c....#
#..####..####.#
#. ........#.# #
#..####..#.# #.#
#?#c# ...#. #...#
... #..# #...# ..
#..p.#.#.########


You could see a death knight and a centaur warrior.

Vanquished Creatures
  Harold (D:7)
  Erolcha (D:9)
  A two-headed ogre (D:8)
  Maggie (D:7)
  Eustachio (D:5)
  2 wyverns (D:9)
  A wraith (D:9)
  2 steam dragons
  5 orc warriors
  A black bear (D:8)
  2 sky beasts (D:7)
  3 ogres
  2 necrophages (D:5)
  2 centaurs (D:6)
  2 kobold brigands
  5 bullfrogs
  2 scorpions
  A wyvern zombie (D:7)
  A jelly (D:5)
  12 killer bees
  9 wights
  2 centaur zombies
  4 hounds
  2 bullfrog skeletons (D:5)
  6 orc priests
  A centaur skeleton (D:7)
  2 iguanas
  5 orc wizards
  A hound skeleton (D:5)
  A howler monkey skeleton (D:5)
  3 adders
  An ufetubus (D:4)
  2 adder skeletons (D:4)
  3 worms
  A dart slug (D:2)
  34 orcs
  2 ball pythons
  4 bats
  6 endoplasms
  2 giant cockroaches
  5 goblins
  7 hobgoblins
  15 kobolds
  2 quokkas
  A frilled lizard (D:2)
  8 rats
177 creatures vanquished.

Vanquished Creatures (collateral kills)
  2 killer bees (D:9)
  A centaur zombie (D:9)
3 creatures vanquished.

Vanquished Creatures (others)
  An ogre zombie (D:9)
  2 killer bee zombies (D:9)
  3 fungi (D:8)
  14 plants
20 creatures vanquished.

Grand Total: 200 creatures vanquished

Notes
Turn   | Place    | Note
-------+----------+-------------------------------------------
     0 | D:1      | bilbop the Djinni Air Elementalist began the quest for the
                  | Orb.
     0 | D:1      | Reached XP level 1. HP: 15/15 MP: 0/0
   495 | D:2      | Reached XP level 2. HP: 20/22 MP: 0/0
   796 | D:2      | Reached skill level 3 in Spellcasting
   832 | D:2      | Reached XP level 3. HP: 24/26 MP: 0/0
   832 | D:2      | Learned a level 1 spell: Sting
  1038 | D:2      | Reached skill level 1 in Fighting
  1046 | D:2      | Reached skill level 1 in Long Blades
  1917 | D:3      | Reached XP level 4. HP: 26/32 MP: 0/0
  2702 | D:3      | Reached XP level 5. HP: 36/38 MP: 0/0
  2702 | D:3      | Learned a level 2 spell: Corpse Rot
  3248 | D:4      | Reached skill level 4 in Spellcasting
  3492 | D:4      | Found a stormy altar of Qazlal.
  3806 | D:5      | Entered Level 5 of the Dungeon
  3806 | D:5      | Noticed a phantom
  3819 | D:5      | Noticed Eustachio
  3819 | D:5      | Noticed an ogre
  3876 | D:5      | Reached XP level 6. HP: 39/43 MP: 0/0
  4292 | D:5      | Noticed a necrophage
  4302 | D:5      | Killed a necrophage
  4303 | D:5      | Reached XP level 7. HP: 41/49 MP: 0/0
  4303 | D:5      | Learned a level 2 spell: Poisonous Vapours
  4571 | D:5      | Killed Eustachio
  4572 | D:5      | Reached skill level 5 in Spellcasting
  5010 | D:5      | Reached XP level 8. HP: 49/57 MP: 0/0
  5277 | D:5      | Identified the ring "Voerph" {rF+ Str+4 Dex+4 Slay+4}
  5945 | D:6      | Reached skill level 6 in Spellcasting
  6735 | D:6      | Reached XP level 9. HP: 54/63 MP: 0/0
  6735 | D:6      | Learned a level 4 spell: Passage of Golubria
  7329 | D:7      | Reached skill level 5 in Fighting
  7329 | D:7      | Reached skill level 5 in Stealth
  7388 | D:7      | Noticed Maggie
  7393 | D:7      | Killed Maggie
  7394 | D:7      | Reached skill level 7 in Spellcasting
  7723 | D:7      | Reached skill level 5 in Long Blades
  7933 | D:7      | Found a staircase to the Ecumenical Temple.
  7942 | Temple   | Entered the Ecumenical Temple
  8022 | Temple   | Became a worshipper of Yredelemnul the Dark
  8088 | D:7      | Found a huge runed translucent gate.
  8089 | D:7      | Found a huge runed translucent gate.
  8089 | D:7      | Noticed a polar bear
  8090 | D:7      | Found a huge runed translucent gate.
  8090 | D:7      | Noticed a polar bear
  8090 | D:7      | Noticed a polar bear
  8091 | D:7      | Found a huge runed translucent gate.
  8091 | D:7      | Noticed a polar bear
  8091 | D:7      | Noticed a polar bear
  8091 | D:7      | Noticed a polar bear
  8124 | D:7      | Noticed Harold
  8132 | D:7      | Killed Harold
  8133 | D:7      | Reached XP level 10. HP: 38/72 MP: 0/0
  8939 | D:8      | Reached skill level 8 in Spellcasting
  9892 | D:8      | Reached * piety under Yredelemnul
 10373 | D:8      | Found a staircase to the Lair.
 11004 | D:8      | Noticed a two-headed ogre
 11013 | D:8      | Killed a two-headed ogre
 11124 | D:8      | Found a sacrificial altar of Ru.
 11124 | D:8      | Found a snail-covered altar of Cheibriados.
 11315 | D:9      | Noticed Erolcha
 11320 | D:9      | Killed Erolcha
 11321 | D:9      | Reached skill level 9 in Spellcasting
 11784 | D:9      | Reached XP level 11. HP: 36/79 MP: 0/0
 11784 | D:9      | Learned a level 4 spell: Sticky Flame
 12273 | D:9      | Noticed a death knight
 12278 | D:9      | Noticed a centaur warrior
 12279 | D:9      | Your ally Erolcha died
 12291 | D:9      | Shot with an arrow by a centaur warrior

Illustrated notes

Levels and vault maps discovered:
D:1:      dpeg_arrival_three_same_balls, layout_rooms,
          chequers_hall_statues_wall_a
D:2:      layout_basic, serial_aquarium, aquarium_bridge_square
          [aquarium_subvault_bridge, aquarium_subvault_bridge,
          aquarium_subvault_balcony, aquarium_subvault_wall],
          aquarium_bridge_island_small [aquarium_subvault_small_open,
          aquarium_subvault_bridge, aquarium_subvault_bridge,
          aquarium_subvault_window, aquarium_subvault_bridge],
          aquarium_window_2, aquarium_window_1, aquarium_window_3,
          aquarium_window_1, aquarium_view_2f, aquarium_view_2f
D:3:      layout_loops_ring, chequers_big_river
D:4:      wander_river, layout_cave_pods, lemuel_doored_altar
D:5:      layout_basic, kennysheep_cross_bottleneck, uniq_eustachio
D:6:      layout_rooms, nicolae_overflow_hidden_temple, serial_corexii_hall,
          corexii_hall_statues_t, corexii_hall_statues_i,
          chequers_hall_statues_y, st_stairs_5
D:7:      lemuel_bear_cage, layout_basic, temple_hall, uniq_maggie, uniq_harold
D:8:      layout_loops_corners, gammafunk_temple_overflow_statue,
          grunt_lair_entry_orc_guard_hut, enter_bailey_4
D:9:      layout_basic, minivault_20, amcnicky_mini_corridor_feature,
          uniq_erolcha
Temple:   compressed_dpeg_circular_temple

Skill      XL: |  1  2  3  4  5  6  7  8  9 10 11 |
---------------+----------------------------------+-----
Spellcasting   | 3 4 5 6 7 9 |  9.3
Fighting       | 1 2 3 4 6 7 |  7.3
Stealth        | 2 3 4 5 6 7 |  7.0
Long Blades    | 1 2 3 4 5 6 |  6.7
Dodging        | |  2.1

Action                   |  1- 3 |  4- 6 |  7- 9 | 10-12 || total
-------------------------+-------+-------+-------+-------++-------
Melee: Short sword       |     5 |    12 |    13 |     7 ||    37
 Cast: Shock             |    66 |   109 |   100 |    47 ||   322
       Static Discharge  |       |     3 |     5 |       ||     8
       Sting             |       |     1 |       |       ||     1
       Poisonous Vapours |       |       |     7 |       ||     7
       Airstrike         |       |       |    48 |    76 ||   124
       Lightning Bolt    |       |       |       |     7 ||     7
Invok: Animate Remains   |       |       |       |     8 ||     8
 Stab: Sleeping          |       |     2 |       |     2 ||     4
Armor: Robe              |     1 |       |       |       ||     1
       Leather armour    |       |     5 |     3 |       ||     8
       Steam dragon scal |       |       |     4 |    14 ||    18
Dodge: Dodged            |     6 |    17 |    30 |    29 ||    82

Table legend: (Time is in decaauts)
 A = Elapsed time spent in this place.
 B = Non-inter-level travel time spent in this place.
 C = Inter-level travel time spent in this place.
 D = Time resting spent in this place.
 E = Time spent auto-exploring this place.
 F = Levels seen in this place.
 G = Mean time per level.
                   A        B        C        D        E       F      G
               +--------+--------+--------+--------+--------+-----+--------+
         Total |  12291 |  11786 |    505 |   4317 |   6431 |  10 | 1229.1 |
       Dungeon |  12198 |  11712 |    486 |   4317 |   6360 |   9 | 1355.3 |
        Temple |     92 |     73 |     19 |      0 |     71 |   1 |   92.0 |
               +--------+--------+--------+--------+--------+-----+--------+

Top non-repeatable levels by time:
     D:7: 2149 daAuts
     D:8: 2030 daAuts
     D:5: 1546 daAuts
     D:6: 1495 daAuts
     D:2: 1163 daAuts
     D:9: 1125 daAuts
     D:3: 1104 daAuts
     D:4: 1091 daAuts
     D:1: 491 daAuts
  Temple: 92 daAuts
